 Dungeon Crawl Stone Soup version 0.29.0-4-gdea44cf6ec (webtiles) character file.

Game seed: 5369292446217749238

105 qw the Chopper (level 4, -4/26 HPs)
             Began as a Tengu Warper on Aug 28, 2022.
             Slain by a gnoll
             ... wielding a +0 halberd
              (6 damage)
             ... on level 3 of the Dungeon.
             The game lasted 00:00:14 (2440 turns).

qw the Chopper (Tengu Warper)                       Turns: 2440, Time: 00:00:15

Health: -4/26      AC:  8    Str: 14    XL:     4   Next: 81%
Magic:  8/8        EV:  6    Int: 13    God:
Gold:   22         SH:  0    Dex: 13    Spells: 7/7 levels left

rFire   . . .      SeeInvis .   i - +0 war axe
rCold   . . .      Faith    .   (no shield)
rNeg    . . .      Spirit   .   k - +0 chain mail
rPois   .          Reflect  .   (helmet restricted)
rElec   .          Harm     .   (no cloak)
rCorr   .          Rampage  .   (no gloves)
Will    .....                   (boots unavailable)
Stlth   ..........              (no amulet)
HPRegen 0.08/turn               (no ring)
MPRegen 0.11/turn               (no ring)

@: no status effects
A: beak, talons 3
a: no special abilities


You were on level 3 of the Dungeon.
You visited 1 branch of the dungeon, and saw 3 of its levels.

You collected 22 gold pieces.


Innate Abilities, Weirdness & Mutations

You have a beak for a mouth.
You have claws for feet.


   Skills:
 - Level 2.0 Fighting
 + Level 5.3 Axes
 - Level 1.0 Throwing
 - Level 1.1 Armour
 - Level 2.1 Dodging
 - Level 2.0 Spellcasting
 - Level 2.4 Translocations


You had 7 spell levels left.
You didn't know any spells.
Your spell library contained the following spells:

 Spells                   Type           Power      Damage    Failure   Level
 Blink                    Tloc           14%        N/A       99%         2
 Gell's Gravitas          Tloc           7%         N/A       100%        3
 Lesser Beckoning         Tloc           7%         N/A       100%        3
 Teleport Other           Tloc           7%         N/A       100%        3
 Manifold Assault         Tloc           7%         N/A       100%        5

Inventory:

Hand Weapons
 i - a +0 war axe (weapon)
 l - a +0 whip
Armour
 k - a +0 chain mail (worn)
Jewellery
 a - a ring of ice
 c - a +4 ring of evasion
 j - a +4 ring of protection
Scrolls
 e - a scroll of identify
 n - a scroll of vulnerability {unknown}
Potions
 b - a potion of might {unknown}
 d - a potion of curing {unknown}
 f - 2 potions of degeneration {unknown}
 g - a potion of brilliance {unknown}
 h - a potion of invisibility {unknown}
 m - a potion of cancellation {unknown}

Dungeon Overview and Level Annotations

Branches:
Dungeon (3/15)

Altars:
The Shining One

Shops:
D:2 :

Annotations:
D:3 2 transporters


Message History

The frilled lizard barely misses you.
You slash the frilled lizard!
You kill the frilled lizard!
You start resting.
HP restored.
Found a club.
f - 2 purple potions (gained 1)
Things that are here:
a staff of earth; a +0 sling; a goblin corpse The shadow imp shouts, "Get thee gone, thou froward bird-brained strumpet!"
You hear a shout!
The orc priest shouts!
You hear a shout!
The shadow imp shouts, "Embrace submission, thou unhinged sheep-biting toady!"
There is a transporter landing site here.
The shadow imp spits at you. 2 gnolls come into view.
The gnoll shouts! x2; You hear a shout! x2
A gnoll comes into view. It is wielding a +0 spear. x2
Enter note:
2433 ||| Stepping ~*~*~tactically~*~*~ (hiding).
You start waiting.
The shadow imp spits at you.
A gnoll is nearby!
You hit the gnoll. Your kick misses the gnoll.
The gnoll is moderately wounded.
The gnoll hits you with a +0 flail. The gnoll hits you but does no damage.
You slash the gnoll!
You kill the gnoll!
The gnoll hits you from afar with a +0 halberd!
The gnoll closely misses you.
The gnoll hits you from afar with a +0 spear.
Things that are here:
a +0 flail; a gnoll corpse You barely miss the gnoll.
Your kick misses the gnoll. The gnoll hits you with a +0 halberd!
The gnoll hits you but does no damage.
The gnoll hits you from afar with a +0 spear.
The gnoll barely misses you.
You closely miss the gnoll. You claw the gnoll, but do no damage.
The gnoll hits you with a +0 halberd.
You die...

.. #. #. ... #. .. ... #. .# #.#
#. .. #.# ## g# #.# #g# #.######
###########g########.......
#.........@.......##..##### ##
#.###############.......### .#
#.#8~#5o..o..#P8#..#..#.... .#
####.#P.#~~~~~~~#.P#........##
.###....#$.#..~~~..#..#..........
.......^#^$+..P}P..+/^#^....#.###
........#$.#..~~~..#..#.....#.#
#####.#.#P.#~~~~~~~#.P#.......# #
#.#.#8~#5...5.!#P8#.#...#####


You could see 2 orc priests, 3 gnolls and a shadow imp.

Vanquished Creatures
  A gnoll (D:3)
  3 adders
  3 worms
  A dart slug (D:2)
  8 endoplasms (D:1)
  3 giant cockroaches
  6 hobgoblins
  A kobold (D:2)
  5 quokkas
  5 ball pythons
  5 bats
  3 frilled lizards
  7 goblins
  A rat (D:1)
52 creatures vanquished.

Notes
Turn   | Place    | Note
-------+----------+-------------------------------------------
     0 | D:1      | qw the Tengu Warper began the quest for the Orb.
     0 | D:1      | Reached XP level 1. HP: 12/12 MP: 4/4
     0 | D:1      | 0 ||| qw: Version: 0.1-a-89-g26bdef1
     0 | D:1      | 0 ||| qw: Game counter: 657
     0 | D:1      | 0 ||| qw: Always use a shield: true
     0 | D:1      | 0 ||| qw: God list: Okawaru
     0 | D:1      | 0 ||| qw: Allow faded altars: false
     0 | D:1      | 0 ||| qw: Do Orc after D:15 true
     0 | D:1      | 0 ||| qw: Do second Lair branch before Depths: true
     0 | D:1      | 0 ||| qw: Lair rune preference: random
     0 | D:1      | 0 ||| qw: Plans: Normal
     0 | D:1      | 0 ||| PLANNING D:1-11
   302 | D:1      | Reached XP level 2. HP: 17/17 MP: 6/6
   310 | D:1      | Reached skill level 3 in Axes
   356 | D:1      | Found a faded altar of an unknown god.
   596 | D:1      | 596 ||| DROPPING +0 club.
   647 | D:1      | 647 ||| UPGRADING to +0 chain mail.
   657 | D:1      | 657 ||| DROPPING +0 leather armour.
   658 | D:1      | 658 ||| READING scroll labelled KOIKLA CUPINU.
   659 | D:1      | 659 ||| READING 2 scrolls labelled OHOAGY EMIY.
   660 | D:1      | 660 ||| READING scroll labelled GIPAMA NODEINK.
   661 | D:1      | 661 ||| DROPPING scroll of blinking.
   662 | D:1      | 662 ||| DROPPING scroll of noise.
   722 | D:2      | Reached XP level 3. HP: 21/21 MP: 7/7
   834 | D:2      | Reached skill level 4 in Axes
   929 | D:2      | Found a glowing golden altar of the Shining One.
   963 | D:2      | Found Teusup Emou's Book Shoppe.
  1571 | D:2      | 1571 ||| READING scroll labelled OBLEOB REKH.
  1572 | D:2      | 1572 ||| READING scroll labelled CUOSTR QIBOAXE.
  1575 | D:2      | 1575 ||| READING scroll labelled TOLE PE CIGEFEI.
  1698 | D:3      | Reached XP level 4. HP: 26/26 MP: 8/8
  1705 | D:3      | Found a transporter.
  1959 | D:3      | 1959 ||| Stepping ~*~*~tactically~*~*~ (stealth).
  1965 | D:3      | 1965 ||| Stepping ~*~*~tactically~*~*~ (stealth).
  1966 | D:3      | 1966 ||| Stepping ~*~*~tactically~*~*~ (stealth).
  1967 | D:3      | 1967 ||| Stepping ~*~*~tactically~*~*~ (stealth).
  1971 | D:3      | 1971 ||| Stepping ~*~*~tactically~*~*~ (stealth).
  1972 | D:3      | 1972 ||| Stepping ~*~*~tactically~*~*~ (stealth).
  2008 | D:3      | 2008 ||| Stepping ~*~*~tactically~*~*~ (stealth).
  2009 | D:3      | 2009 ||| Stepping ~*~*~tactically~*~*~ (stealth).
  2012 | D:3      | 2012 ||| Stepping ~*~*~tactically~*~*~ (stealth).
  2103 | D:3      | Reached skill level 5 in Axes
  2152 | D:3      | 2152 ||| SWAPPING to +0 war axe.
  2153 | D:3      | 2153 ||| DROPPING +0 hand axe.
  2386 | D:3      | Found a transporter.
  2433 | D:3      | 2433 ||| Stepping ~*~*~tactically~*~*~ (hiding).
  2439 | D:3      | HP: 2/26 [gnoll/+0 spear (5)]
  2440 | D:3      | Slain by a gnoll

Levels and vault maps discovered:
D:1:      nicolae_arrival_memento_mori, layout_rooms,
          hellmonk_ecumenical_altar_arch_garden
D:2:      layout_basic, basic_altar, serial_shops, shop
D:3:      gammafunk_wand_slinger, layout_loops_cross, kennysheep_boxes

Skill      XL: |  1  2  3  4 |
---------------+-------------+-----
Axes           | 3 4 5 |  5.3
Fighting       | |  2.0
Throwing       | |  1.0
Armour         | |  1.1
Dodging        | |  2.1
Spellcasting   | |  2.0
Translocations | |  2.4

Action                   |  1- 3 |  4- 6 || total
-------------------------+-------+-------++-------
Melee: Hand axe          |    87 |    26 ||   113
       Kick              |    25 |    12 ||    37
       Peck              |    13 |     4 ||    17
       War axe           |       |    18 ||    18
Throw: Boomerang         |     7 |       ||     7
  Use: Scroll            |     6 |       ||     6
Armor: Leather armour    |     9 |       ||     9
       Chain mail        |    22 |    27 ||    49
Dodge: Dodged            |    20 |    11 ||    31

Table legend:
 A = Non-vault XP
 B = Vault XP
 C = Vault XP percentage of total XP
 D = Non-vault monster count
 E = Vault monster count
 F = Vault count percentage of total count
                 A         B        C        D         E       F
            +---------+---------+-------+---------+---------+-------
      Total |     150 |       0 |   0.0 |      52 |       0 |   0.0
            +---------+---------+-------+---------+---------+-------
        D:1 |      31 |       0 |   0.0 |      17 |       0 |   0.0
        D:2 |      50 |       0 |   0.0 |      17 |       0 |   0.0
        D:3 |      69 |       0 |   0.0 |      18 |       0 |   0.0
            +---------+---------+-------+---------+---------+-------
